AoeStats
← yvetteabernathydam

Arabia

510867120Analyzed
2v2 RM · 9h ago on Oct 2, 2026· 25m 57s· 4 players
Game mode
Random Map
Map size
Medium (4 player)
Population
200
Speed
Normal
Resources
Standard
Victory
Conquest
Starting age
Dark Age
Ending age
Imperial Age
RankedLock teamsTeams togetherTeam positionsShared explorationLock speedFull tech treeHidden civsTurbo modeCheats
Victory
Defeat
🇲🇽 Turks · Mexico
1068
+16
🇨🇳 Japanese · China
1043
+49
🇮🇸 Hindustanis · Iceland
1067
-16
🇨🇿 Varangians · Czechia
1067
-17
yvetteabernathydam
5:58 Loom
9:08 Feudal Age
10:02 Double-Bit Axe
14:18 Fletching
15:36 Horse Collar
21:38 Castle Age
20:33 Gold Mining
21:09 Padded Archer Armor
21:42 Crossbowman
23:48 Bodkin Arrow
25:21 Ballistics
26:08 Squires
JustHomelander
8:04 Loom
10:21 Feudal Age
18:21 Wheelbarrow
17:34 Double-Bit Axe
17:39 Horse Collar
20:38 Castle Age
19:13 Bloodlines
20:07 Forging
22:43 Iron Casting
22:52 Husbandry
24:13 Hand Cart
raraku
6:19 Loom
7:49 Loom
7:55 Loom
10:44 Feudal Age
12:14 Double-Bit Axe
14:59 Scale Barding Armor
16:30 Bloodlines
17:10 Gold Mining
20:57 Forging
24:58 Padded Archer Armor
25:35 Fletching
JoeExotic
5:03 Loom
9:29 Feudal Age
11:05 Double-Bit Axe
11:01 Horse Collar
20:15 Castle Age
19:25 Bloodlines
19:12 Gold Mining
20:29 Light Cavalry
21:49 Wheelbarrow
21:32 Bow Saw
21:45 Husbandry
22:08 Scale Barding Armor
Connection lost

Rejoining the realm…

Still unreachable

The connection could not be restored.

Session expired

The server has moved on; the page needs a fresh start.